 Dungeon Crawl Stone Soup version 0.25.1-2-g60ff931df9 (webtiles) character file.

Game seed: 8686198832459453078

856 gruber the Carver (level 7, -7/57 HPs)
             Began as a Minotaur Fighter on Dec 3, 2020.
             Killed from afar by Maggie (26 damage)
             ... with a bolt of fire
             ... on level 6 of the Dungeon.
             The game lasted 00:02:50 (4070 turns).

gruber the Carver (Minotaur Fighter)                Turns: 4070, Time: 00:02:51

Health: -7/57      AC:  7    Str: 22    XL:     7   Next: 70%
Magic:  6/6        EV:  7    Int:  5    God:
Gold:   189        SH:  9    Dex: 10    Spells: 6/6 levels left

rFire    . . .     SeeInvis .   x - +1 falchion (holy)
rCold    . . .     Gourm    .   c - +0 kite shield
rNeg     . . .     Faith    .   b - +0 scale mail
rPois    .         Spirit   .   (helmet restricted)
rElec    .         Reflect  .   t - scarf {+Inv}
rCorr    .         Harm     .   (no gloves)
MR       .....                  (no boots)
Stlth    ..........             a - amulet of the acrobat
HPRegen  0.19/turn              (no ring)
MPRegen  0.10/turn              (no ring)

@: mighty, mesmerised
A: retaliatory headbutt, horns 2
a: Evoke Invisibility


You were on level 6 of the Dungeon.
You were not hungry.

You visited 1 branch of the dungeon, and saw 7 of its levels.

You collected 189 gold pieces.

Inventory:

Hand Weapons
 x - a +1 falchion of holy wrath (weapon)
Armour
 b - a +0 scale mail (worn)
 c - a +0 kite shield (worn)
 t - a scarf of invisibility (worn)
Jewellery
 a - an amulet of the acrobat (around neck)
Scrolls
 e - 6 scrolls of teleportation {unknown}
 g - a scroll of magic mapping {unknown}
 i - 4 scrolls of identify {unknown}
 j - a scroll of fear {unknown}
 k - 6 scrolls of remove curse {unknown}
 o - a scroll of blinking {unknown}
 r - a scroll of enchant armour {unknown}
 v - a scroll of random uselessness {unknown}
Potions
 h - 3 potions of curing {unknown}
 l - a potion of degeneration {unknown}
 m - 2 potions of mutation {unknown}
 n - a potion of ambrosia {unknown}
 p - a potion of lignification {unknown}
 s - a potion of stabbing {unknown}
 u - a potion of invisibility {unknown}
 w - 2 potions of magic {unknown}
Comestibles
 f - 8 rations
 q - a chunk of flesh


   Skills:
 - Level 3.6 Fighting
 - Level 9.3 Long Blades
 * Level 6.4 Armour
 - Level 3.6 Shields


You had 6 spell levels left.
You didn't know any spells.
Your spell library was empty.

Dungeon Overview and Level Annotations

Branches:
Dungeon (7/15)
 Temple: D:4-7

Altars:
Gozag
Hepliaklqana
Qazlal
Trog
Wu Jian
The Shining One

Annotations:
D:6 Maggie
D:7 Dowan, Duvessa


Innate Abilities, Weirdness & Mutations

You reflexively headbutt those who attack you in melee.
You have a pair of horns on your head.


Message History

Maggie is moderately wounded.
Maggie casts a spell at you. The bolt of fire hits you!!
You are too injured to fight recklessly!
You barely miss Maggie. Your headbutt misses Maggie.
Maggie is moderately wounded.
Maggie hits you with a +0 scimitar.
You aren't carrying any items that you can evoke.
You feel very mighty all of a sudden.
You barely miss Maggie.
Maggie is moderately wounded.
Maggie hits you but does no damage.
You slash Maggie!
Maggie is heavily wounded.
Maggie hits you with a +0 scimitar.
You hit Maggie. Your headbutt misses Maggie.
Maggie is heavily wounded.
Maggie gestures at you while chanting. The bolt of fire hits you!!
You die...

#####÷.##.###.
..†...........
..#
######.##.#.#.
#.# ..........#
#.# ######.##.#
#.# #..#.# #.#
##.#.# #.##+##
#.#.# #@....#
#...# #@....#
##..######.....#
#..............#
#...######$....#
#..># #....##
#.... +....#
###### #....#
#....# #....#


You could see Maggie (mesmerising).

Vanquished Creatures
  Grinder (D:5)
  2 ogres (D:4)
  A phantom (D:4)
  A scorpion (D:6)
  A crimson imp (D:3)
  A bullfrog skeleton (D:5)
  3 hounds
  An orc wizard (D:4)
  2 worker ants
  A hound skeleton (D:4)
  3 adders
  A worm (D:3)
  2 dart slugs
  A leopard gecko (D:1)
  11 orcs
  2 ball pythons
  5 bats
  7 giant cockroaches
  11 goblins
  7 hobgoblins
  8 kobolds
  A quokka (D:4)
  3 frilled lizards (D:1)
  A giant cockroach zombie (D:5)
  2 rats
79 creatures vanquished.

Notes
Turn   | Place    | Note
-------+----------+-------------------------------------------
     0 | D:1      | gruber the Minotaur Fighter began the quest for the Orb.
     0 | D:1      | Reached XP level 1. HP: 19/19 MP: 0/0
    89 | D:1      | Reached skill level 3 in Long Blades
   172 | D:1      | Reached XP level 2. HP: 21/26 MP: 1/1
   546 | D:1      | Reached skill level 4 in Long Blades
   751 | D:2      | Found a hazy altar of Hepliaklqana.
   764 | D:2      | Found an ornate altar of the Wu Jian Council.
   822 | D:2      | Reached XP level 3. HP: 31/31 MP: 2/2
   860 | D:2      | Found an opulent altar of Gozag.
   913 | D:2      | Found a stormy altar of Qazlal.
  1132 | D:2      | Found a bloodstained altar of Trog.
  1551 | D:3      | Reached skill level 5 in Long Blades
  1551 | D:3      | Reached XP level 4. HP: 30/39 MP: 3/3
  2110 | D:3      | Reached skill level 6 in Long Blades
  2168 | D:3      | Reached XP level 5. HP: 44/45 MP: 4/4
  2504 | D:4      | Noticed a phantom
  2518 | D:4      | Killed a phantom
  2518 | D:4      | Reached skill level 7 in Long Blades
  2529 | D:4      | Reached XP level 6. HP: 47/51 MP: 5/5
  2657 | D:4      | Reached skill level 8 in Long Blades
  3235 | D:4      | Reached skill level 9 in Long Blades
  3235 | D:4      | Reached XP level 7. HP: 37/57 MP: 6/6
  3430 | D:4      | Found a glowing golden altar of the Shining One.
  3460 | D:5      | Entered Level 5 of the Dungeon
  3625 | D:5      | Noticed Grinder
  3630 | D:5      | Paralysed by Grinder for 7 turns
  3641 | D:5      | Killed Grinder
  3641 | D:5      | Reached skill level 5 in Armour
  3897 | D:5      | You fall into a shaft and drop 2 floors!
  3898 | D:7      | Noticed Dowan
  3900 | D:7      | Noticed Duvessa
  4056 | D:6      | Noticed Maggie
  4070 | D:6      | Killed from afar by Maggie

Illustrated notes

Levels and vault maps discovered:
D:1:      minmay_arrival_glassed_features, layout_loops_cross
D:2:      layout_loops_corners, lightli_temple_of_fire,
          nicolae_overflow_quartered_altars
D:3:      layout_basic, minmay_misc_feat_nine_boxes
D:4:      minmay_diamond_boxcup, layout_cave_pools, first_ration, tso_altar
D:5:      layout_cave_pods, uniq_grinder, uniq_prince_ribbit1
D:6:      layout_basic, minmay_temple_entry_offerings,
          nemelex_xobeh_ov_fountains_minmay, uniq_maggie, uniq_edmund
D:7:      layout_cave_pools, grunt_temple_overflow_holy_war, uniq_duvessa

Skill      XL: |  1  2  3  4  5  6  7 |
---------------+----------------------+-----
Long Blades    | 3 4 5 6 7 9 |  9.3
Armour         | 6 |  6.4
Fighting       | |  3.6
Shields        | |  3.6

Action                   |  1- 3 |  4- 6 |  7- 9 || total
-------------------------+-------+-------+-------++-------
Melee: Long sword        |    60 |    84 |       ||   144
       Headbutt          |     8 |    21 |     8 ||    37
       Falchion          |       |    42 |    34 ||    76
  Use: Potion            |       |       |     1 ||     1
  Eat: Chunk             |     1 |     3 |     3 ||     7
       Ration            |       |     1 |       ||     1
Armor: Scale mail        |    24 |    47 |    15 ||    86
Dodge: Dodged            |    21 |    27 |    13 ||    61
Block: Kite shield       |    38 |    54 |    10 ||   102
       Rpst.: Long sword |     7 |     8 |       ||    15
       Falchion          |       |     2 |     2 ||     4
